 Dungeon Crawl Stone Soup version 0.31-a0-851-g7ff8af7976 (webtiles) character file.

Game seed: 14067549586691968854

63 IndexError the Digger (level 4, 24/24 HPs)
             Began as a Gargoyle Earth Elementalist on Oct 5, 2023.
             Was a Follower of Wu Jian.
             Quit the game on level 2 of the Dungeon.
             The game lasted 00:01:55 (2091 turns).

IndexError the Digger (Gargoyle Earth Elementalist) Turns: 2091, Time: 00:01:55

Health: 24/24      AC:  6    Str: 12    XL:     4   Next: 9%
Magic:  5/8        EV: 11    Int: 17    God:    Wu Jian [*.....]
Gold:   111        SH:  5    Dex: 10    Spells: 8/9 levels left

rFire   . . .        c - +0 dagger
rCold   . . .        (no shield)
rNeg    + . .        l - +1 robe {Will+}
rPois   ∞            (no helmet)
rElec   +            (no cloak)
rCorr   .            (no gloves)
SInv    .            (no boots)
Will    +....        k - amulet of reflection
Stlth   ++           (no ring)
HPRegen 0.24/turn    (no ring)
MPRegen 0.11/turn

%: reflection
@: no status effects
A: sickness immunity, AC +3, negative energy resistance 1, electricity
resistance, torment resistance 1, petrification resistance
a: Renounce Religion


You were on level 2 of the Dungeon.
You worshipped Wu Jian.
Wu Jian was aware of your devotion.
You visited 1 branch of the dungeon, and saw 2 of its levels.

You collected 111 gold pieces.

Inventory:

Hand Weapons
 c - a +0 dagger (weapon)
   (You found it on level 1 of the Dungeon)
Missiles
 m - 2 throwing nets {=f, !d}
Armour
 l - a +1 robe of willpower (worn)
   (You found it on level 2 of the Dungeon)
Jewellery
 k - an amulet of reflection (around neck)
   (You found it on level 2 of the Dungeon)
Scrolls
 a - 3 scrolls of fog {unknown}
 f - 2 scrolls of teleportation {unknown}
 h - 2 scrolls of identify {unknown}
 n - a scroll of noise {unknown}
 o - a scroll of immolation {unknown}
Potions
 b - a potion of magic
 d - a potion of might {unknown}
 e - a potion of berserk rage {unknown}
 g - a potion of attraction {unknown}
 i - a potion of heal wounds {unknown}
 j - 2 potions of curing {unknown}
 p - 2 potions of mutation {unknown}


   Skills:
 - Level 1.5 Dodging
 - Level 2.1 Stealth
 + Level 3.1 Spellcasting
 - Level 0.7 Transmutations
 + Level 4.8 Earth Magic


You had 8 spell levels left.
You knew the following spells:

 Your Spells              Type           Power      Damage    Failure   Level
a - Sandblast             Erth           38%        2d10      2%          1

Your spell library contained the following spells:

 Spells                   Type           Power      Damage    Failure   Level
 Passwall                 Tmut/Erth      10%        N/A       9%          2
 Freeze                   Ice            8%         1d3       17%         1
 Wereblood                Tmut           5%         N/A       19%         2
 Stone Arrow              Conj/Erth      20%        3d8       19%         3
 Frozen Ramparts          Ice            4%         1d1       45%         3
 Hailstorm                Conj/Ice       2%         3d3       45%         3
 Petrify                  Tmut/Erth      12%        N/A       47%         4
 Brom's Barrelling Bould  Conj/Erth      10%        2d3       54%         4
 Summon Hydra             Summ           1%         N/A       100%        7
 Sublimation of Blood     Necr           Unusable   N/A       N/A         2

Dungeon Overview and Level Annotations

Branches:
Dungeon (2/15)

Altars:
Wu Jian


Innate Abilities, Weirdness & Mutations

You are immune to sickness and miasma.
Your stone body is resilient. (AC +3)
You are immune to poison.
You resist negative energy. (rN+)
You are resistant to electric shocks. (rElec)
You are resistant to unholy torment.
You are immune to petrification.


Message History

You now have 6/7 mp.
The blast of sand hits the ball python!
Your Spellcasting skill increases to level 3!
You now have 5/7 mp.
You can't see any susceptible monsters within range! (Use Z to cast anyway.)
You can't see any susceptible monsters within range! (Use Z to cast anyway.)
Things that are here:
a ball python corpse; a bat corpse You see here a +0 hand axe.
o - a scroll labelled XIMEUCUSANG MP restored: 7 A kobold comes into view.
It is wielding a +0 club.
A kobold is nearby!
A kobold is nearby!
You can't see any susceptible monsters within range! (Use Z to cast anyway.)
The blast of sand hits the kobold.
You now have 6/7 mp.
You can't see any susceptible monsters within range! (Use Z to cast anyway.)
You can't see any susceptible monsters within range! (Use Z to cast anyway.)
A bat comes into view.
MP restored: 7 A bat is nearby!
A bat is nearby!
A bat is nearby!
The blast of sand misses the bat.
The bat hits you but does no damage. x2
The bat closely misses you.
You now have 6/7 mp.
You miscast Sandblast.
You are very lightly contaminated with residual magic.
Nothing appears to happen.
The bat barely misses you. The bat hits you but does no damage.
You now have 5/7 mp.
The blast of sand hits the bat.
You now have 4/7 mp.
Your magical contamination has completely faded away.
You see here a bat corpse.
A rat comes into view.
MP restored: 7 A rat is nearby!
A rat is nearby!
A rat is nearby!
The blast of sand hits the rat!
You now have 6/7 mp.
You can't see any susceptible monsters within range! (Use Z to cast anyway.)
You can't see any susceptible monsters within range! (Use Z to cast anyway.)
There is a stone staircase leading up here.
p - 2 bubbling cyan potions MP restored: 7 A ball python comes into view.
A ball python is nearby!
A ball python is nearby!
The blast of sand hits the ball python!
You now have 6/7 mp.
You can't see any susceptible monsters within range! (Use Z to cast anyway.)
You can't see any susceptible monsters within range! (Use Z to cast anyway.)
You open the door.
There is an open door here.
There is an open door here.
You see here a +0 long sword.
Found a faded altar of an unknown god.
MP restored: 7
There is an empty arch of ancient stone here.
There is a stone staircase leading up here.
There is an open door here.
You see here a +0 robe.
You see here a +0 club.
There is a stone staircase leading down here.
There is a stone staircase leading down here.
You see here a +0 club.
You see here a +0 robe.
There is an open door here.
Done exploring.
Done exploring.
No target in view!
Done exploring.
Done exploring.
Done exploring.
Search for what [? for help]? alt An adder comes into view.
You can't go down here!
The adder hisses angrily.
The blast of sand hits the adder!
The adder bites you but does no damage.
You now have 6/7 mp.
The blast of sand hits the adder!
You have reached level 4!
You feel stronger.
Health restored: 24 You now have 5/8 mp.
You can't see any susceptible monsters within range! (Use Z to cast anyway.)
You can't see any susceptible monsters within range! (Use Z to cast anyway.) Search for what [Enter for "alt", or ? for help]?
You see here an adder corpse.
There is a faded altar of an unknown god here.
This altar belongs to (a) Sif Muna, (b) Wu Jian or (c) the Shining One, but you can't tell which.
Press the corresponding letter to learn more about a god, or press enter to convert or escape to cancel.
Wu Jian accepts your prayer! The Council welcomes you!
You can now perform damaging attacks by moving towards foes.
You can now lightly attack monsters by moving around them.
Unknown command.
Press < or > to pray at altars.
Are you sure you want to abandon this character and quit the game? (Confirm with "yes".)

##### #<# #...######.##
#.# #........#.## #.#
######...####.#.#. #.#
#.......## #.#.#.
##.###.#####.# #.#.#.
#.#..†## #.# #.#.#.
##..8.⌠# ###.#####.#.#.
#.8..####.........#.#.
##...#@#⌠#.#########.#.
#.#⌠#∩#...## #.##
######..8.# #.#
#⌠.8..## #.# ##...#.#
#.# #.###.## #.## ###
### #... ####


There were no monsters in sight!

Vanquished Creatures
  2 adders (D:2)
  A dart slug (D:1)
  3 endoplasms (D:1)
  A giant cockroach (D:2)
  2 goblins (D:1)
  3 hobgoblins
  3 jackals (D:1)
  3 quokkas (D:1)
  5 ball pythons
  8 bats
  A frilled lizard (D:2)
  4 kobolds
  3 rats
39 creatures vanquished.

Notes
Turn   | Place    | Note
-------+----------+-------------------------------------------
     0 | D:1      | IndexError the Gargoyle Earth Elementalist began the quest
                  | for the Orb.
     0 | D:1      | Reached XP level 1. HP: 10/10 MP: 3/3
   163 | D:1      | Reached XP level 2. HP: 15/15 MP: 1/5
   270 | D:1      | Reached skill level 4 in Earth Magic
   632 | D:1      | Reached XP level 3. HP: 18/19 MP: 3/6
  1415 | D:2      | Reached skill level 3 in Spellcasting
  1789 | D:2      | Found a faded altar of an unknown god.
  2086 | D:2      | Reached XP level 4. HP: 24/24 MP: 5/8
  2090 | D:2      | Prayed at the altar of an unknown god.
  2090 | D:2      | Became a worshipper of the Wu Jian Council
  2090 | D:2      | Reached * piety under Wu Jian
  2091 | D:2      | Quit the game

Illustrated notes

Levels and vault maps discovered:
D:1:      scummos_arrival_hexagon, layout_basic, chequers_serial_rivers_micro_d,
          minmay_small_reverse_x
D:2:      layout_basic, shapermc_ecumenical_altar_venn

Skill      XL: |  1  2  3 |
---------------+----------+-----
Earth Magic    | 4 |  4.8
Spellcasting   | 3 |  3.1
Dodging        | |  1.5
Stealth        | |  2.1
Transmutations | |  0.7

Action                     |  1- 3 |  4- 6 || total
---------------------------+-------+-------++-------
  Melee: Dagger            |     9 |       ||     9
   Cast: Sandblast         |    51 |       ||    51
 Armour: Robe              |    18 |       ||    18
  Dodge: Dodged            |    23 |       ||    23

Table legend: (Time is in decaauts)
 A = Elapsed time spent in this place.
 B = Non-inter-level travel time spent in this place.
 C = Inter-level travel time spent in this place.
 D = Time resting spent in this place.
 E = Time spent auto-exploring this place.
 F = Levels seen in this place.
 G = Mean time per level.
                   A        B        C        D        E       F      G
               +--------+--------+--------+--------+--------+-----+--------+
         Total |   2116 |   2002 |    114 |      0 |   1784 |   2 | 1058.0 |
       Dungeon |   2116 |   2002 |    114 |      0 |   1784 |   2 | 1058.0 |
               +--------+--------+--------+--------+--------+-----+--------+

Top non-repeatable levels by time:
     D:2: 1123 daAuts
     D:1: 992 daAuts

Levels and vault maps discovered:
D:1:      scummos_arrival_hexagon, layout_basic, chequers_serial_rivers_micro_d,
          minmay_small_reverse_x
D:2:      layout_basic, shapermc_ecumenical_altar_venn

Table legend: (Time is in decaauts)
 A = Elapsed time spent in this place.
 B = Non-inter-level travel time spent in this place.
 C = Inter-level travel time spent in this place.
 D = Time resting spent in this place.
 E = Time spent auto-exploring this place.
 F = Levels seen in this place.
 G = Mean time per level.
                   A        B        C        D        E       F      G
               +--------+--------+--------+--------+--------+-----+--------+
         Total |   2116 |   2002 |    114 |      0 |   1784 |   2 | 1058.0 |
       Dungeon |   2116 |   2002 |    114 |      0 |   1784 |   2 | 1058.0 |
               +--------+--------+--------+--------+--------+-----+--------+

Top non-repeatable levels by time:
     D:2: 1123 daAuts
     D:1: 992 daAuts

Table legend:
 A = Kills in this place as a percentage of kills in the entire game.
 B = Kills by you in this place as a percentage of kills by you in the entire game.
 C = Kills by friends in this place as a percentage of kills by friends in the entire game.
 D = Other kills in this place as a percentage of other kills in the entire game.
 E = Experience gained in this place as a percentage of experience gained in the entire game.
 F = Experience gained in this place divided by the number of levels of this place that you have seen.
                   A       B       C       D       E      F
               +-------+-------+-------+-------+-------+----------------------
         Total | 100.0 | 100.0 |   N/A |   N/A | 100.0 |  45.0
       Dungeon | 100.0 | 100.0 |   N/A |   N/A | 100.0 |  45.0
               +-------+-------+-------+-------+-------+----------------------
